AoeStats
← Martes!

Arabia

503279406Analyzed
2v2 RM · 1mo ago on Aug 30, 2026· 56m 10s· 4 players
Game mode
Random Map
Map size
Medium (4 player)
Population
200
Speed
Normal
Resources
Standard
Victory
Conquest
Starting age
Dark Age
Ending age
Imperial Age
RankedLock teamsTeams togetherTeam positionsShared explorationLock speedFull tech treeHidden civsTurbo modeCheats
Victory
Defeat
🇧🇷 Goths · Brazil
765
+19
🇧🇷 Britons · Brazil
699
+22
🇨🇱 Bohemians · Chile
863
-22
🇨🇱 Burmese · Chile
813
-20
Lawlieting
12:27 Feudal Age
13:16 Double-Bit Axe
13:12 Horse Collar
19:02 Wheelbarrow
19:09 Gold Mining
19:04 Man-at-Arms
30:13 Castle Age
32:02 Forging
31:53 Scale Mail Armor
31:55 Long Swordsman
32:43 Squires
34:18 Pikeman
35:38 Hand Cart
39:52 Bow Saw
39:34 Stone Mining
47:35 Anarchy
52:10 Imperial Age
49:51 Heavy Plow
50:27 Stone Shaft Mining
53:02 Halberdier
53:03 Two-Handed Swordsman
53:53 Champion
Sunrise
7:21 Loom
10:29 Feudal Age
11:40 Double-Bit Axe
14:30 Horse Collar
14:43 Fletching
14:54 Padded Archer Armor
17:20 Town Watch
21:52 Wheelbarrow
21:15 Gold Mining
24:22 Stone Mining
27:25 Castle Age
27:29 Crossbowman
28:35 Town Patrol
29:31 Bodkin Arrow
29:53 Leather Archer Armor
30:18 Gold Shaft Mining
30:38 Bow Saw
31:42 Hand Cart
32:02 Heavy Plow
33:51 Elite Skirmisher
38:55 Imperial Age
37:48 Caravan
38:18 Coinage
39:47 Arbalester
43:39 Bracer
44:09 Ring Archer Armor
46:36 Pikeman
46:36 Man-at-Arms
47:01 Gambesons
47:17 Squires
47:04 Arson
49:43 Long Swordsman
52:43 Two-Handed Swordsman
52:43 Halberdier
55:47 Forging
55:37 Scale Mail Armor
57:09 Iron Casting
abuhadbaesteban
11:39 Feudal Age
12:56 Horse Collar
21:09 Castle Age
21:37 Elite Skirmisher
22:30 Heavy Plow
23:39 Gold Mining
23:39 Stone Mining
24:43 Stone Mining
27:20 Wheelbarrow
28:39 Squires
31:57 Hand Cart
35:47 Imperial Age
35:12 Gold Shaft Mining
35:44 Manipur Cavalry
37:00 Conscription
40:44 Elite Arambai
42:26 Scale Barding Armor
42:33 Forging
43:31 Chain Barding Armor
50:38 Iron Casting
50:38 Plate Barding Armor
50:06 Fletching
Martes!
10:39 Feudal Age
11:58 Double-Bit Axe
20:40 Castle Age
18:29 Horse Collar
19:06 Arson
23:31 Squires
22:55 Pikeman
25:35 Elite Skirmisher
30:22 Husbandry
31:03 Heavy Plow
31:18 Bow Saw
35:00 Man-at-Arms
36:09 Long Swordsman
37:48 Crossbowman
Connection lost

Rejoining the realm…

Still unreachable

The connection could not be restored.

Session expired

The server has moved on; the page needs a fresh start.